 Dungeon Crawl Stone Soup version 0.23.2-40-g277498a001 (webtiles) character file.

Game seed: 8936931063197450081

99 H0rd4k the Charlatan (level 5, -3/37 HPs)
             Began as a Human Artificer on Sept 3, 2019.
             Slain by Duvessa
             ... wielding a +0 short sword
              (6 damage)
             ... on level 4 of the Dungeon.
             The game lasted 00:03:06 (1352 turns).

H0rd4k the Charlatan (Human Artificer)              Turns: 1352, Time: 00:03:06

Health: -3/37      AC:  3    Str: 13    XL:     5   Next: 2%
Magic:  7/7        EV: 12    Int: 11    God:
Gold:   41         SH:  0    Dex: 14    Spells: 4/4 levels left

rFire    . . .     SeeInvis .   a - +0 short sword
rCold    . . .     Gourm    .   (no shield)
rNeg     . . .     Faith    .   b - +0 leather armour
rPois    .         Spirit   .   (no helmet)
rElec    .         Reflect  .   (no cloak)
rCorr    .         Harm     .   (no gloves)
MR       .....                  (no boots)
Stlth    ++........             (no amulet)
HPRegen  0.12/turn              (no ring)
MPRegen  0.10/turn              (no ring)

@: no status effects
A: no striking features
a: no special abilities


You were on level 4 of the Dungeon.
You were not hungry.

You visited 1 branch of the dungeon, and saw 4 of its levels.

You collected 41 gold pieces.

Inventory:

Hand Weapons
 a - a +0 short sword (weapon)
Armour
 b - a +0 leather armour (worn)
Jewellery
 k - an uncursed ring of fire {unknown}
Wands
 c - a wand of flame (14)
 d - a wand of enslavement (6)
 e - a wand of random effects (10)
Scrolls
 g - 3 scrolls of identify {unknown}
 h - a scroll of enchant armour {unknown}
 j - a scroll of fear {unknown}
 l - 2 scrolls of remove curse {unknown}
Potions
 i - a potion of haste {unknown}
Comestibles
 f - 4 rations


   Skills:
 + Level 1.3 Fighting
 + Level 2.1 Short Blades
 + Level 1.5 Armour
 + Level 2.6 Dodging
 + Level 1.5 Stealth
 + Level 3.7 Evocations


You had 4 spell levels left.
You didn't know any spells.
Your spell library was empty.

Dungeon Overview and Level Annotations

Branches:
Dungeon (4/15)
 Temple: D:4-7

Altars:
Qazlal

Annotations:
D:2 Terence
D:3 exclusion: upstairs, Grinder
D:4 Duvessa


Message History

Duvessa hits your jackal with a +0 short sword!
Your jackal dies!
You barely miss the giant cockroach. The giant cockroach bites you.
The giant cockroach barely misses you. Duvessa hits you with a +0 short sword!
* * * LOW HITPOINT WARNING * * *
The jackal closely misses you.
You hear a bark!
You hit the jackal.
The jackal is moderately wounded.
Duvessa hits you with a +0 short sword.
* * * LOW HITPOINT WARNING * * *
The giant cockroach barely misses you. The jackal closely misses you.
Evoke which item? (* to show all) (? for menu, Esc to quit)
Aiming: Enslavement
Press: ? - help, Shift-Dir - straight line, f - jackal, p - Duvessa
Aim: a jackal (moderately wounded, chance to defeat MR: 73%)
The jackal is charmed.
Duvessa hits you but does no damage.
A jackal comes into view.
The giant cockroach closely misses you. Duvessa hits you with a +0 short sword.
You die...

##.# ###.h.
#?.)# ..#
##h†# #.#
#...# ..#
#†#.# ..##
#h#†## #..#
#e#[.##..#..#
#@s......#..#
##h.##(.##..#
#...####...#
###...†....#
###.##..##
...###.#
##### #.# #.#
#.#


You could see Duvessa (berserk), 2 jackals, a giant cockroach and a friendly
jackal.

Vanquished Creatures
  An adder (D:2)
  A dart slug (D:1)
  A giant cockroach (D:1)
  5 goblins
  3 hobgoblins (D:1)
  2 bats
  2 frilled lizards
  4 kobolds
  3 rats
22 creatures vanquished.

Vanquished Creatures (collateral kills)
  Dowan (D:4)
  A quokka (D:4)
  A ball python (D:4)
3 creatures vanquished.

Vanquished Creatures (others)
  A hound (D:4)
  A scorpion (D:4)
  A hobgoblin (D:4)
  A jackal (D:4)
4 creatures vanquished.

Grand Total: 29 creatures vanquished

Notes
Turn   | Place    | Note
-------+----------+-------------------------------------------
     0 | D:1      | H0rd4k the Human Artificer began the quest for the Orb.
     0 | D:1      | Reached XP level 1. HP: 15/15 MP: 3/3
   188 | D:1      | Reached XP level 2. HP: 21/21 MP: 4/4
   896 | D:2      | Found a stormy altar of Qazlal.
   903 | D:2      | Reached XP level 3. HP: 18/26 MP: 5/5
  1094 | D:2      | Noticed Terence
  1237 | D:3      | Noticed Grinder
  1290 | D:4      | Noticed a scorpion
  1317 | D:4      | Noticed Dowan
  1331 | D:4      | Killed Dowan
  1331 | D:4      | Reached skill level 1 in Armour
  1331 | D:4      | Reached XP level 4. HP: 16/32 MP: 6/6
  1339 | D:4      | Noticed a hound
  1339 | D:4      | Noticed Duvessa
  1344 | D:4      | Reached XP level 5. HP: 16/37 MP: 7/7
  1352 | D:4      | Slain by Duvessa

Skill      XL: |  1  2  3  4 |
---------------+-------------+-----
Armour         | 1 |  1.5
Short Blades   | 2 |  2.1
Fighting       | |  1.3
Dodging        | |  2.6
Stealth        | |  1.5
Evocations     | |  3.7

Action                   |  1- 3 |  4- 6 || total
-------------------------+-------+-------++-------
Melee: Short sword       |    82 |     2 ||    84
Evoke: Wand              |     9 |     6 ||    15
 Stab: Sleeping          |     2 |       ||     2
  Eat: Chunk             |     1 |       ||     1
Armor: Leather armour    |    14 |       ||    14
Dodge: Dodged            |    57 |    10 ||    67
